 Dungeon Crawl Stone Soup version 0.28-a0-1555-g9ae15a6949 (webtiles) character file.

Game seed: 12801284238799733236

1541 HallandMoats the Skirmisher (level 8, -3/73 HPs)
             Began as a Ghoul Monk on Jan 18, 2022.
             Was a Believer of Makhleb.
             Slain by an orc warrior (26 damage)
             ... in a bailey.
             The game lasted 00:10:49 (8027 turns).

HallandMoats the Skirmisher (Ghoul Monk)            Turns: 8027, Time: 00:10:50

Health: -3/73      AC: 10    Str: 17    XL:     8   Next: 86%
Magic:  10/10      EV:  8    Int:  5    God:    Makhleb [**....]
Gold:   344        SH:  5    Dex: 11    Spells: 7/7 levels left

rFire   . . .      SeeInvis +   a - +0 fustibalus
rCold   + . .      Faith    .   (no shield)
rNeg    + + +      Spirit   .   v - +0 chain mail
rPois   ∞          Reflect  +   l - +0 helmet
rElec   .          Harm     .   (no cloak)
rCorr   .          Rampage  .   (no gloves)
Will    .....                   (no boots)
Stlth   ..........              c - amulet of reflection
HPRegen 0.00/turn               r - ring of see invisible
MPRegen 0.12/turn               (no ring)

@: inhibited regen
A: claws 1, cold resistance 1, negative energy resistance 3, inhibited
regeneration, torment resistance 2
a: Renounce Religion, Minor Destruction


You were in a bailey.
You worshipped Makhleb.
Makhleb was pleased with you.
You visited 2 branches of the dungeon, and saw 8 of its levels.
You also visited: Bailey.

You collected 344 gold pieces.

Inventory:

Hand Weapons
 a - a +0 fustibalus (weapon)
Missiles
 h - 165 stones (quivered ammo)
 j - 2 throwing nets
 o - 58 sling bullets
Armour
 l - a +0 helmet (worn)
 v - a +0 chain mail (worn)
Jewellery
 c - an amulet of reflection (around neck)
 i - an amulet of guardian spirit
 r - a ring of see invisible (left claw)
Wands
 g - a wand of charming (4)
Scrolls
 e - a scroll of amnesia
 f - a scroll of fear {unknown}
 m - a scroll of holy word {unknown}
 n - a scroll of torment {unknown}
 p - a scroll of noise {unknown}
 q - a scroll of teleportation {unknown}
 s - a scroll of fog {unknown}
Potions
 b - a potion of curing
 d - a potion of attraction {unknown}
 k - a potion of haste
 t - a potion of lignification {unknown}
 x - a potion of berserk rage {unknown}


   Skills:
 * Level 7.1 Fighting
 * Level 5.1 Slings
 + Level 3.4 Armour
 + Level 4.5 Dodging
 - Level 2.1 Stealth
 - Level 3.2 Unarmed Combat
 + Level 4.0 Invocations


You had 7 spell levels left.
You didn't know any spells.
Your spell library contained the following spells:

 Spells                   Type           Power      Damage    Failure   Level
 Shock                    Conj/Air       0%         1d3       100%        1
 Static Discharge         Conj/Air       0%         N/A       100%        2
 Call Canine Familiar     Summ           0%         N/A       100%        3
 Portal Projectile        Hex/Tloc       0%         N/A       100%        3
 Leda's Liquefaction      Hex/Erth       0%         N/A       100%        4
 Summon Lightning Spire   Summ/Air       0%         N/A       100%        4
 Lightning Bolt           Conj/Air       0%         1d11      100%        5
 Haunt                    Necr/Summ      0%         N/A       100%        7


Dungeon Overview and Level Annotations

Branches:
Dungeon (7/15)             Temple (1/1) D:4          Bailey (1/1)

Altars:
Ashenzari
Cheibriados
Dithmenos
Elyvilon
Fedhas
Gozag
Hepliaklqana
Kikubaaqudgha
Makhleb
Okawaru
Qazlal
Ru
Sif Muna
Trog
Uskayaw
Vehumet
Wu Jian
Xom
Yredelemnul
Zin
The Shining One


Innate Abilities, Weirdness & Mutations

You thrive by killing the living.
You are immune to poison.
You have sharp fingernails.
Your flesh is cold resistant. (rC+)
You are immune to negative energy. (rN+++)
You do not regenerate when monsters are visible.
You are immune to unholy pain and torment.


Message History

You shoot a stone. The stone hits the orc warrior.
The orc warrior is moderately wounded.
The orc warrior barely misses you.
You shoot a stone.
The stone closely misses the orc warrior.
You block the orc warrior's attack.
The orc warrior hits you from afar with a +0 halberd!
You shoot a stone. The stone hits the orc warrior!
The orc warrior is heavily wounded.
The orc warrior no longer looks unusually strong.
The orc warrior hits you but does no damage.
You shoot a stone.
The stone hits the orc warrior but does no damage.
The orc warrior is heavily wounded.
The orc warrior barely misses you.
You shoot a stone. The stone hits the orc warrior.
The orc warrior is severely wounded.
The orc warrior no longer looks unusually strong.
The orc knight roars a battlecry!
The orc warriors go into a battle-frenzy!
You block the orc warrior's attack.
You shoot a stone.
The stone barely misses the orc warrior.
The orc warrior hits you from afar with a +0 halberd!!
You are too injured to fight recklessly!
Unknown command.
Aiming: Minor Destruction (2% risk of failure)
Press: ? - help, Shift-Dir - straight line, f - orc knight, p - orc warrior
Aim: an orc knight, wielding a +0 halberd and wearing a +0 ring mail (lightly wounded)
The glob of acid hits the orc warrior.
The acid splashes onto the orc warrior!
The orc warrior is splashed with acid.
The acid corrodes the orc warrior!
The orc warrior is almost dead.
The orc warrior completely misses you.
Unknown command.
Aiming: Minor Destruction (2% risk of failure)
Press: ? - help, Shift-Dir - straight line, f/p - orc knight
Aim: an orc knight, wielding a +0 halberd and wearing a +0 ring mail (lightly wounded)
The orc warrior writhes in agony.
The orc warrior hits you from afar with a +0 halberd!!
You die...

###########
##.........##
##..≈≈≈≈≈≈≈..##
##..≈≈.....≈≈..##
####..≈≈..###..≈≈..#####
.....))..## ##..≈≈......
≈≈≈≈≈≈..##.∩.##..≈≈≈≈≈≈≈
.......##.....##@.......
###########+###'########
..o # ≈≈≈≈. ## ...oo§≈
.# .⌠∩⌠(.. .#+# ..⌠...§
##.## ..(((≈§ #.$.#


You could see an orc knight and 2 orc warriors.

Vanquished Creatures
  A water moccasin (D:5)
  An orc warrior (Bailey)
  An ice beast (D:5)
  An ogre (D:6)
  A centaur (D:5)
  A phantom (D:4)
  A scorpion (D:6)
  A wyvern skeleton (D:6)
  A water moccasin skeleton (D:4)
  A howler monkey (D:5)
  A jelly (D:6)
  A bullfrog skeleton (D:4)
  A hound (D:4)
  2 orc priests (D:6)
  2 centaur skeletons
  2 gnoll shamans
  An iguana (D:5)
  4 orc wizards
  Natasha (twice) (D:4)
  Robin (D:2)
  12 gnolls
  A howler monkey skeleton (D:6)
  9 adders
  A shadow imp (D:5)
  An adder skeleton (D:4)
  3 worms
  A dart slug (D:2)
  29 orcs
  4 endoplasms
  A giant cockroach (D:3)
  11 goblins
  11 hobgoblins
  3 kobolds
  2 quokkas
  6 ball pythons
  6 bats
  2 frilled lizards (D:3)
  3 rats
133 creatures vanquished.

Vanquished Creatures (others)
  A black bear (D:6)
  48 plants (D:5)
49 creatures vanquished.

Grand Total: 182 creatures vanquished

Notes
Turn   | Place    | Note
-------+----------+-------------------------------------------
     0 | D:1      | HallandMoats the Ghoul Monk began the quest for the Orb.
     0 | D:1      | Reached XP level 1. HP: 19/19 MP: 0/0
   279 | D:1      | Reached XP level 2. HP: 26/26 MP: 1/1
   501 | D:1      | Reached skill level 1 in Slings
   936 | D:1      | Reached XP level 3. HP: 8/33 MP: 2/2
  1450 | D:1      | Reached skill level 1 in Invocations
  1720 | D:2      | Reached skill level 4 in Fighting
  1731 | D:2      | Reached XP level 4. HP: 40/40 MP: 3/3
  1740 | D:2      | Reached skill level 1 in Armour
  1762 | D:2      | Noticed Robin
  1766 | D:2      | Killed Robin
  2336 | D:3      | Reached XP level 5. HP: 36/47 MP: 3/5
  2845 | D:3      | Found a bloodstained altar of Trog.
  3431 | D:4      | Got Vunef's Tome of Cloudy Summoning
  3433 | D:4      | Noticed a phantom
  3469 | D:4      | Killed a phantom
  3470 | D:4      | Reached skill level 5 in Fighting
  3470 | D:4      | Reached XP level 6. HP: 6/56 MP: 6/6
  4261 | D:4      | Noticed Natasha
  4268 | D:4      | Killed Natasha
  4292 | D:4      | Found an ancient bone altar of Kikubaaqudgha.
  4293 | D:4      | Found a blossoming altar of Fedhas.
  4296 | D:4      | Noticed Natasha
  4305 | D:4      | Killed Natasha
  4458 | D:4      | Reached XP level 7. HP: 46/61 MP: 7/7
  4581 | D:4      | Found a staircase to the Ecumenical Temple.
  4747 | Temple   | Entered the Ecumenical Temple
  4976 | Temple   | Became a worshipper of Makhleb the Destroyer
  4976 | Temple   | Reached * piety under Makhleb
  4976 | Temple   | Reached ** piety under Makhleb
  5024 | D:5      | Entered Level 5 of the Dungeon
  5359 | D:5      | Found a shimmering blue altar of Sif Muna.
  5701 | D:5      | Reached skill level 6 in Fighting
  5765 | D:5      | Reached XP level 8. HP: 61/70 MP: 9/9
  6062 | D:5      | Found an ornate altar of the Wu Jian Council.
  6068 | D:5      | Found a broken altar of Ashenzari.
  6068 | D:5      | Found a hazy altar of Hepliaklqana.
  6081 | D:5      | Found a sacrificial altar of Ru.
  6084 | D:5      | Found an iron altar of Okawaru.
  6439 | D:6      | HP: 3/71 [something/puff of flame (3)]
  6449 | D:6      | HP: 1/71 [something/magic dart (3)]
  6474 | D:6      | HP: 3/71 [orc wizard (4)]
  7204 | D:6      | Reached skill level 7 in Fighting
  7204 | D:6      | Reached skill level 5 in Slings
  7848 | D:7      | Found a flagged portal.
  7851 | Bailey   | Entered a bailey
  8011 | Bailey   | Noticed an orc knight
  8027 | Bailey   | Slain by an orc warrior

Illustrated notes

Levels and vault maps discovered:
D:1:      dpeg_arrival_shrine, layout_basic, hangedman_decor_peaks_small,
          minmay_tiny_reverse_x
D:2:      layout_rooms, chequers_serial_rivers_small_a, minivault_23, uniq_robin
D:3:      layout_loops_ring, lemuel_round_altar
D:4:      layout_basic, grunt_temple_overflow_growth_and_decay, kennysheep_mini,
          minmay_temple_entry_enclosed_plants, minmay_hedge_maze,
          hangedman_abyss_or_decor_stagger, uniq_natasha
D:5:      layout_rooms, minmay_overflow_temple_star_hex,
          mainiacjoe_overflow_concentric_impassable, serial_bayou,
          serial_bayou_lagoon_a, serial_bayou_pond_a, serial_bayou_shore_b,
          serial_bayou_shore_a
D:6:      layout_basic, serial_glass, glass_columns_c, glass_columns_a
D:7:      layout_loops_ring, enter_bailey_4, uniq_pikel, uniq_joseph,
          uniq_maggie
Temple:   minmay_temple_curvy_loop
Bailey:   bailey_polearm_1, bailey

Skill      XL: |  1  2  3  4  5  6  7  8 |
---------------+-------------------------+-----
Slings         | 1 2 3 4 5 |  5.1
Invocations    | 1 2 3 4 |  4.0
Fighting       | 4 5 6 7 |  7.1
Armour         | 1 2 3 |  3.4
Dodging        | 3 4 |  4.5
Stealth        | |  2.1
Unarmed Combat | |  3.2

Action                   |  1- 3 |  4- 6 |  7- 9 || total
-------------------------+-------+-------+-------++-------
Melee: Unarmed           |    37 |    31 |   108 ||   176
       Fustibalus        |       |       |     1 ||     1
       Punch             |       |       |     6 ||     6
 Fire: Fustibalus        |    60 |   256 |   253 ||   569
Invok: Minor Destruction |       |       |     2 ||     2
Evoke: Wand              |       |       |     2 ||     2
  Use: Potion            |       |     2 |     6 ||     8
       Scroll            |       |       |     5 ||     5
Armor: Robe              |     5 |       |       ||     5
       Leather armour    |     7 |     1 |       ||     8
       Ring mail         |       |    42 |    82 ||   124
       Chain mail        |       |       |    18 ||    18
Dodge: Dodged            |    48 |    51 |   152 ||   251
Block: Other             |    18 |    29 |    65 ||   112
       Reflection        |       |       |     1 ||     1

Table legend: (Time is in decaauts)
 A = Elapsed time spent in this place.
 B = Non-inter-level travel time spent in this place.
 C = Inter-level travel time spent in this place.
 D = Time resting spent in this place.
 E = Time spent auto-exploring this place.
 F = Levels seen in this place.
 G = Mean time per level.
                   A        B        C        D        E       F      G
               +--------+--------+--------+--------+--------+-----+--------+
         Total |   8186 |   7892 |    294 |    208 |   6138 |   9 |  909.6 |
       Dungeon |   7752 |   7497 |    255 |    208 |   5852 |   7 | 1107.4 |
        Temple |    240 |    201 |     39 |      0 |    197 |   1 |  240.0 |
        Bailey |    193 |    193 |      0 |      0 |     89 |   1 |  193.0 |
               +--------+--------+--------+--------+--------+-----+--------+

Top non-repeatable levels by time:
     D:4: 1605 daAuts
     D:6: 1436 daAuts
     D:1: 1422 daAuts
     D:5: 1378 daAuts
     D:3: 934 daAuts
     D:2: 914 daAuts
  Temple: 240 daAuts
  Bailey: 193 daAuts
     D:7: 60 daAuts
